 Dungeon Crawl Stone Soup version 0.31-a0-216-g22e908daa7 (webtiles) character file.

Game seed: 14941782325663803255

56 qw the Chopper (level 3, -3/23 HPs)
             Began as a Gargoyle Fighter on July 2, 2023.
             Slain by a gnoll
             ... wielding a +0 club
              (4 damage)
             ... on level 1 of the Dungeon.
             The game lasted 00:00:35 (970 turns).

qw the Chopper (Gargoyle Fighter)                    Turns: 970, Time: 00:00:35

Health: -3/23      AC: 10    Str: 21    XL:     3   Next: 95%
Magic:  3/3        EV:  9    Int:  8    God:
Gold:   38         SH:  4    Dex:  9    Spells: 2/2 levels left

rFire   + . .        Y - +0 war axe
rCold   + . .        c - +0 buckler
rNeg    + . .        b - +0 scale mail
rPois   inf          (no helmet)
rElec   +            g - scarf {rC+ rF+}
rCorr   .            (no gloves)
SInv    .            (no boots)
Will    .....        (no amulet) Stlth
                     (no ring)
HPRegen 0.23/turn    (no ring)
MPRegen 0.08/turn

%: no passive effects
@: no status effects
A: sickness immunity, AC +3, negative energy resistance 1, electricity
resistance, torment resistance 1, petrification resistance
a: no special abilities


You were on level 1 of the Dungeon.
You visited 1 branch of the dungeon, and saw 2 of its levels.

You collected 38 gold pieces.


Innate Abilities, Weirdness & Mutations

You are immune to sickness and miasma.
Your stone body is resilient. (AC +3)
You are immune to poison.
You resist negative energy. (rN+)
You are resistant to electric shocks. (rElec)
You are resistant to unholy torment.
You are immune to petrification.


   Skills:
 - Level 3.2 Fighting
 + Level 3.7 Axes
 - Level 3.2 Armour
 - Level 3.2 Shields


You had 2 spell levels left.
You didn't know any spells.
Your spell library was empty.

Inventory:

Hand Weapons
 f - a +0 club
 Y - a +0 war axe (weapon)
Armour
 b - a +0 scale mail (worn)
 c - a +0 buckler (worn)
 g - a scarf of resistance (worn)
Potions
 d - a potion of might
 e - a potion of cancellation {unknown}

Dungeon Overview and Level Annotations

Branches:
Dungeon (2/15)

Altars:


Message History

There is a stone staircase leading down here.
Enter note:
Enter note:
Enter note:
Enter note:
Enter note: You closely miss the gnoll.
The gnoll is heavily wounded.
You hit the gnoll. x2
The gnoll hits you but does no damage. x2; The gnoll hits you with a +0 whip.
You barely miss the gnoll.
The gnoll is heavily wounded.
You barely miss the gnoll. You slash the gnoll!
The gnoll hits you with a +0 club. The gnoll closely misses you.
The gnoll hits you but does no damage. The gnoll misses you.
The gnoll hits you with a +0 flail. You block the gnoll's attack.
You closely miss the gnoll.
The gnoll is severely wounded.
You hit the gnoll. You closely miss the gnoll. You block the gnoll's attack.
The gnoll hits you with a +0 flail. The gnoll barely misses you.
You hit the gnoll.
You kill the gnoll!
You closely miss the gnoll. You barely miss the gnoll.
The gnoll hits you with a +0 club. You block the gnoll's attack.
The gnoll hits you but does no damage. You block the gnoll's attack.
You barely miss the gnoll.
The gnoll is heavily wounded.
You barely miss the gnoll. The gnoll hits you but does no damage.
You block the gnoll's attack.
You closely miss the gnoll.
The gnoll is heavily wounded.
You hit the gnoll. The gnoll hits you with a +0 club.
The gnoll hits you with a +0 whip.
You hit the gnoll.
The gnoll is almost dead.
You hit the gnoll. The gnoll hits you but does no damage.
The gnoll hits you with a +0 whip. The gnoll hits you with a +0 club.
You die...

############.###########
#.................#~~¤~¤
#.##########.######~...~
##########.##########.# #¤...~
.........#.#..........# #~¤¤¤~
.........#.#.###############¤#¤#~
.........#.#.# #~~¤¤¤¤#¤#~
.........#.#.##########~.¤¤###¤##
.........'.....g@)....#~¤¤¤¤¤¤g¤.
.........#.#.###g####.#~¤..###¤##
.........#.#.###.####'#~~~~~~#¤#~
.........#........##..######~#¤#¤
.........###'###..g........#~...¤
...)..........##...........#~..¤~
.###.)........##...........#~...~
.# #..........##...........#~~g~~
.# #..........##..####'#######J##


You could see 2 gnolls.

Vanquished Creatures
  A gnoll (D:1)
  3 dart slugs (D:1)
  3 ball pythons (D:1)
  A bat (D:1)
  4 endoplasms (D:1)
  6 goblins
  3 hobgoblins (D:1)
  7 jackals (D:1)
  2 quokkas (D:1)
  A kobold (D:1)
  2 rats (D:1)
33 creatures vanquished.

Notes
Turn   | Place    | Note
-------+----------+-------------------------------------------
     0 | D:1      | qw the Gargoyle Fighter began the quest for the Orb.
     0 | D:1      | Reached XP level 1. HP: 14/14 MP: 1/1
     0 | D:1      | 0 ||| qw: Version: 0.3-a-40-ge99b1a8
     0 | D:1      | 0 ||| qw: Game counter: 7936
     0 | D:1      | 0 ||| qw: Melee chars always use a shield: true
     0 | D:1      | 0 ||| qw: God list: Okawaru
     0 | D:1      | 0 ||| qw: Allow faded altars: false
     0 | D:1      | 0 ||| qw: Do Orc after clearing Dungeon:15 true
     0 | D:1      | 0 ||| qw: Do second Lair branch before Depths: true
     0 | D:1      | 0 ||| qw: Lair rune preference: random
     0 | D:1      | 0 ||| qw: Goals: Normal, Zot:1-4, Slime:5, God:TSO, Crypt,
                  | Tomb, Abyss, Pan, Hells, Win
     0 | D:1      | 0 ||| PLANNING D:1-11
   117 | D:1      | 117 ||| Stepping ~*~*~tactically~*~*~ (hiding).
   126 | D:1      | Reached XP level 2. HP: 19/19 MP: 2/2
   258 | D:1      | 258 ||| Stepping ~*~*~tactically~*~*~ (stealth).
   261 | D:1      | 261 ||| Stepping ~*~*~tactically~*~*~ (stealth).
   266 | D:1      | 266 ||| Stepping ~*~*~tactically~*~*~ (stealth).
   271 | D:1      | Reached skill level 3 in Axes
   278 | D:1      | Reached XP level 3. HP: 23/23 MP: 3/3
   370 | D:1      | 370 ||| Stepping ~*~*~tactically~*~*~ (hiding).
   371 | D:1      | 371 ||| Stepping ~*~*~tactically~*~*~ (hiding).
   372 | D:1      | 372 ||| Stepping ~*~*~tactically~*~*~ (hiding).
   399 | D:1      | Found a faded altar of an unknown god.
   690 | D:1      | 690 ||| UPGRADING to scarf of resistance.
   700 | D:1      | 700 ||| READING 2 scrolls labelled HAMIEMASCHELO.
   922 | D:1      | 922 ||| READING scroll labelled CUPUME FI JED.
   923 | D:1      | 923 ||| READING scroll labelled TOXIT MUHUWNA.
   924 | D:1      | 924 ||| READING scroll labelled MUPRUL ROMP.
   925 | D:1      | 925 ||| DROPPING scroll of immolation.
   962 | D:2      | 962 ||| STAIRDANCE
   969 | D:1      | HP: 5/23 [gnoll/+0 club (2)]
   969 | D:1      | HP: 1/23 [gnoll/+0 whip (4)]
   970 | D:1      | Slain by a gnoll

Levels and vault maps discovered:
D:1:      dpeg_arrival_simpleton_c, layout_basic,
          hellmonk_ecumenical_altar_inner_sanctum, kennysheep_minor_cross
D:2:      layout_rooms

Skill      XL: |  1  2 |
---------------+-------+-----
Axes           | 2 3 |  3.7
Fighting       | |  3.2
Armour         | |  3.2
Shields        | |  3.2

Action                     || total
---------------------------++-------
  Melee: War axe           ||    87
    Use: Scroll            ||     4
 Armour: Scale mail        ||    48
  Dodge: Dodged            ||    39
  Block: Buckler           ||    17

Table legend:
 A = Non-vault XP
 B = Vault XP
 C = Vault XP percentage of total XP
 D = Non-vault monster count
 E = Vault monster count
 F = Vault count percentage of total count
                 A         B        C        D         E       F
            +---------+---------+-------+---------+---------+-------
      Total |      80 |       0 |   0.0 |      33 |       0 |   0.0
            +---------+---------+-------+---------+---------+-------
        D:1 |      78 |       0 |   0.0 |      32 |       0 |   0.0
        D:2 |       2 |       0 |   0.0 |       1 |       0 |   0.0
            +---------+---------+-------+---------+---------+-------
